 Dungeon Crawl Stone Soup version 0.23.0-3-gf3c87f2 (webtiles) character file.

Game seed: 7967532130711298607

650919 melvinkitnick the Ninja (level 27, -41/156 HPs)
             Began as a Spriggan Assassin on Feb 22, 2019.
             Was the Champion of Wu Jian.
             Killed from afar by an orb of fire (62 damage)
             ... with a fireball
             ... on level 3 of the Realm of Zot on Feb 23, 2019.
             The game lasted 05:38:55 (78773 turns).

melvinkitnick the Ninja (Spriggan Assassin)        Turns: 78773, Time: 05:38:56

Health: -41/156    AC: 22    Str:  7    XL:     27
Magic:  23/43      EV: 46    Int: 40    God:    Wu Jian [******]
Gold:   1909       SH: 12    Dex: 24    Spells: 4/56 levels left

rFire    . . .     SeeInvis +   n - +9 quick blade (pierce)
rCold    + . .     Gourm    .   V - +3 buckler {rPois}
rNeg     . . .     Faith    .   d - +5 faerie dragon scales {*Drain rCorr Int+9 Dex+4}
rPois    +         Spirit   .   Z - +2 hat {MR+}
rElec    +         Reflect  .   k - +2 cloak
rCorr    +         Harm     .   (gloves unavailable)
MR       +++++                  (boots unavailable)
Stlth    +++++++++.             F - amulet of Fybbepp {RegenMP rC+ MR+ Str+2}
HPRegen  0.36/turn              C - ring of the Pure Continents {EV+6 Int+10}
MPRegen  0.53/turn              x - ring "Vistenna" {+Inv rElec Str-2 Slay+3 SInv}

@: marked, slightly contaminated, invisible, serpent's lash, very quick
A: very small, unfitting armour, iridescent scales 1, thin metallic scales 1,
see invisible, clumsy 1, herbivore, speed 3, sense surroundings 1, slow
metabolism 2, no potion heal 1
}: 4/15 runes: serpentine, barnacled, silver, abyssal
a: Wall Jump, Serpent's Lash, Heavenly Storm, Renounce Religion


You were on level 3 of the Realm of Zot.
You worshipped Wu Jian.
Wu Jian was exalted by your worship.
You were not hungry.

You visited 11 branches of the dungeon, and saw 51 of its levels.
You visited the Abyss 1 time.
You visited 1 bazaar.

You collected 9201 gold pieces.
You spent 7292 gold pieces at shops.

Inventory:

Hand Weapons
 n - a +9 quick blade of piercing (weapon)
 H - the +1 rapier of Dishonesty {antimagic, +Rage}
   (You bought it in a shop on level 8 of the Dungeon)

   It reduces the magical energy of the wielder, and disrupts the spells and
   magical abilities of those hit.
   Natural abilities and divine invocations are not affected.
   It lets you go berserk.
 N - the +9 dagger of the Four Shrikes {venom, rF+ Int+3}
   (You took it off a spriggan berserker on level 3 of the Depths)

   It poisons the flesh of those it strikes.
   It affects your intelligence (+3).
   It protects you from fire.
 P - a +5 rapier of holy wrath
Missiles
 M - 23 throwing nets (quivered)
Armour
 d - the +5 faerie dragon scales (worn) {*Drain rCorr Int+9 Dex+4}
   (You took it off the Enchantress on level 2 of the Depths)

   It affects your intelligence (+9).
   It affects your dexterity (+4).
   It provides partial protection from all sources of acid and corrosion.
   It causes draining when unequipped.
 k - a +2 cloak (worn)
 y - a scarf of repulsion
 T - +8 gold dragon scales
 V - a +3 buckler of poison resistance (worn)
 Z - a +2 hat of magic resistance (worn)
Jewellery
 x - the ring "Vistenna" (right hand) {+Inv rElec Str-2 Slay+3 SInv}
   (You bought it in a shop on level 8 of the Dungeon)

   [ring of slaying]

   It affects your strength (-2).
   It affects your accuracy and damage with ranged weapons and melee attacks
   (+3).
   It insulates you from electricity.
   It lets you see invisible.
   It lets you turn invisible.
 z - the ring of Arrival {rC+ rN+ MR+}
   (You took it off a yaktaur captain on level 5 of the Vaults)

   [ring of positive energy]

   It protects you from cold.
   It protects you from negative energy.
   It affects your resistance to hostile enchantments.
 C - the ring of the Pure Continents (left hand) {EV+6 Int+10}
   (You found it on level 3 of the Crypt)

   [ring of evasion]

   It affects your evasion (+6).
   It affects your intelligence (+10).
 D - an uncursed ring of protection from fire
 F - the amulet of Fybbepp (around neck) {RegenMP rC+ MR+ Str+2}
   (You found it on level 3 of the Elven Halls)

   [amulet of magic regeneration]

   It increases your magic regeneration.
   It affects your strength (+2).
   It protects you from cold.
   It affects your resistance to hostile enchantments.
 I - the ring "Norergho" {Wiz rN+ Dex+6}
   (You bought it in a shop on level 8 of the Dungeon)

   [ring of wizardry]

   It improves your spell success rate.
   It affects your dexterity (+6).
   It protects you from negative energy.
Wands
 f - a wand of acid (10)
 L - a wand of paralysis (27)
 O - a wand of iceblast (53)
 X - a wand of disintegration (41)
 Y - a wand of digging (14)
Scrolls
 a - a scroll of vulnerability
 c - 12 scrolls of amnesia
 e - 16 scrolls of identify
 m - 9 scrolls of fog
 q - 17 scrolls of teleportation
 u - 23 scrolls of remove curse
 w - 2 scrolls of blinking
 E - 2 scrolls of holy word
 G - 6 scrolls of magic mapping
 R - a scroll of summoning
 W - 6 scrolls of fear
Potions
 h - 7 potions of mutation
 i - 4 potions of agility
 j - 21 potions of curing
 l - 8 potions of might
 p - 3 potions of resistance
 r - 9 potions of haste
 t - 14 potions of heal wounds
 v - 4 potions of lignification
 A - 3 potions of ambrosia
 B - 2 potions of invisibility
 K - 8 potions of flight
 Q - 4 potions of brilliance
 S - 5 potions of magic
 U - 3 potions of cancellation
Miscellaneous
 b - a fan of gales
 o - a box of beasts
 s - 2 phantom mirrors
 J - a lamp of fire
Comestibles
 g - 30 rations


   Skills:
 + Level 20.2 Fighting
 + Level 11.0 Short Blades
 - Level 2.0 Throwing
 - Level 8.0 Armour
 O Level 27 Dodging
 O Level 27 Stealth
 - Level 7.2 Shields
 - Level 15.0 Spellcasting
 - Level 3.0 Conjurations
 - Level 15.0 Hexes
 - Level 12.0 Summonings
 * Level 13.1 Necromancy
 - Level 20.0 Translocations
 - Level 4.0 Air Magic
 + Level 9.0 Earth Magic
 - Level 4.0 Poison Magic
 - Level 8.0 Evocations


You had 4 spell levels left.
You knew the following spells:

 Your Spells              Type           Power        Failure   Level  Hunger
a - Apportation           Tloc           ######       0%          1    None
b - Ensorcelled Hibernat  Hex/Ice        ######       1%          2    None
c - Confuse               Hex            ########     0%          3    None
d - Dazzling Spray        Conj/Hex       ######       1%          3    None
e - Blink                 Tloc           N/A          0%          2    None
f - Summon Butterflies    Summ           #######.     0%          1    None
g - Summon Mana Viper     Hex/Summ       #######.     1%          5    None
h - Invisibility          Hex            ########     1%          6    None
i - Mephitic Cloud        Conj/Pois/Air  ######..     1%          3    None
j - Passwall              Tmut/Erth      ######..     1%          2    None
k - Borgnjor's Vile Clut  Necr/Erth      #######...   1%          5    None
l - Summon Demon          Summ           #######...   1%          5    None
m - Darkness              Hex            ########..   1%          6    None
n - Controlled Blink      Tloc           N/A          3%          8    #####..

Your spell library contained the following spells:

 Spells                   Type           Power        Failure   Level  Hunger
 Animate Skeleton         Necr           N/A          0%          1    None
 Confusing Touch          Hex            ######       0%          1    None
 Corona                   Hex            #######      0%          1    None
 Summon Small Mammal      Summ           ####         0%          1    None
 Corpse Rot               Necr           N/A          0%          2    None
 Slow                     Hex            ########     0%          2    None
 Gell's Gravitas          Tloc           ########..   0%          3    None
 Lesser Beckoning         Tloc           ########..   0%          3    None
 Portal Projectile        Hex/Tloc       ######       0%          3    None
 Teleport Other           Tloc           ########     0%          3    None
 Tukima's Dance           Hex            ########     0%          3    None
 Passage of Golubria      Tloc           N/A          0%          4    None
 Beastly Appendage        Tmut           ####..       1%          1    None
 Flame Tongue             Conj/Fire      #####        1%          1    None
 Freeze                   Ice            ####         1%          1    None
 Magic Dart               Conj           ####         1%          1    None
 Shock                    Conj/Air       ####         1%          1    None
 Call Imp                 Summ           #######.     1%          2    None
 Poisonous Vapours        Pois/Air       ######       1%          2    None
 Shroud of Golubria       Chrm/Tloc      #######...   1%          2    None
 Swiftness                Chrm/Air       #####...     1%          2    None
 Throw Flame              Conj/Fire      #####.       1%          2    None
 Throw Frost              Conj/Ice       #####.       1%          2    None
 Call Canine Familiar     Summ           #######.     1%          3    None
 Inner Flame              Hex/Fire       ######..     1%          3    None
 Spectral Weapon          Hex/Chrm       ######..     1%          3    None
 Static Discharge         Conj/Air       ######..     1%          3    None
 Stone Arrow              Conj/Erth      ######       1%          3    None
 Force Lance              Conj/Tloc      #######.     1%          4    None
 Leda's Liquefaction      Hex/Erth       #######...   1%          4    None
 Summon Ice Beast         Ice/Summ       ######..     1%          4    None
 Sticks to Snakes         Tmut           ####....     2%          2    None
 Conjure Flame            Conj/Fire      #####...     2%          3    None
 Spider Form              Tmut/Pois      #####.....   2%          3    None
 Ignite Poison            Fire/Tmut/Pois #####...     3%          3    None
 Airstrike                Air            ######....   3%          4    None
 Ice Form                 Ice/Tmut       ####....     17%         4    None
 Silence                  Hex/Air        #######...   1%          5    None
 Summon Forest            Summ/Tloc      ########..   1%          5    None
 Dispersal                Tloc           ########..   1%          6    None
 Shadow Creatures         Summ           N/A          1%          6    None
 Metabolic Englaciation   Hex/Ice        ######....   2%          5    None
 Disjunction              Tloc           ########..   3%          8    #####..
 Bolt of Magma            Conj/Fire/Erth ######....   10%         5    None
 Summon Hydra             Summ           #######...   11%         7    ###....
 Lightning Bolt           Conj/Air       ######....   12%         5    None
 Alistair's Intoxication  Tmut/Pois      #####...     22%         5    None
 Iron Shot                Conj/Erth      ######....   22%         6    None
 Fireball                 Conj/Fire      #####.....   26%         5    None
 Irradiate                Conj/Tmut      #####.....   26%         5    None
 Statue Form              Tmut/Erth      ######...    38%         6    None
 Blade Hands              Tmut           ####......   43%         5    None
 Freezing Cloud           Conj/Ice/Air   #####.....   71%         6    None
 Bolt of Fire             Conj/Fire      #####.....   82%         6    None
 Hydra Form               Tmut           ####......   95%         6    None
 Dragon Form              Tmut           ####......   100%        7    ###....
 Ring of Flames           Chrm/Fire      ####......   100%        7    ###....
 Ignition                 Fire           ####......   100%        8    #####..
 Shatter                  Erth           #######...   100%        9    ######.


Dungeon Overview and Level Annotations

Branches:
Dungeon (15/15)            Temple (1/1) D:4            Lair (6/6) D:11
 Shoals (4/4) Lair:3        Snake (4/4) Lair:2        Slime (0/5) Lair:5
    Orc (2/2) D:9             Elf (3/3) Orc:2        Vaults (5/5) D:14
  Crypt (3/3) Vaults:2       Tomb (0/3) Crypt:3      Depths (5/5) D:15
    Zot (3/5) Depths:5

Altars:
Ashenzari
Cheibriados
Dithmenos
Elyvilon
Fedhas
Gozag
Hepliaklqana
Kikubaaqudgha
Makhleb
Nemelex Xobeh
Okawaru
Qazlal
Ru
Sif Muna
Trog
Uskayaw
Vehumet
Wu Jian
Xom
Yredelemnul
Zin
The Shining One
Beogh

Shops:
D:5 *   D:8 %=?*   D:9 (   D:12 **(}   D:13 [   Orc:2 ([!:   Elf:2 *?(
Snake:1 *   Snake:2 [   Vaults:1 }!   Vaults:3 :

Portals:
Hell: Depths:1 Depths:2 Depths:3 Depths:4 Depths:5
Abyss: Depths:3 Depths:4
Pandemonium: Depths:3 Depths:4
Ziggurat: Depths:3

Annotations:
Lair:2 3 runed translucent doors, lextramoth's ghost, novice CeHu
Lair:4 Uhlv's ghost, adept FoAr
Elf:2 3 runed translucent doors


Innate Abilities, Weirdness & Mutations

You are very small and have problems with some larger weapons.
You are too small for most types of armour.
You have supernaturally acute eyesight. (SInv)
You are a herbivore.
You cover ground extremely quickly.
You need to consume almost no food.
You are partially covered in iridescent scales. (AC +2)
You are partially covered in thin metallic scales. (AC +2)
You are clumsy. (Dex -2)
You passively map a small area around you.
Potions are less effective at restoring your health.


Message History

You hit the curse toe.
The zombie hands constrict the curse toe.
The death cob completely misses you.
The orb of fire emits a lurid red light.
The bolt of fire hits you!!!
* * * LOW HITPOINT WARNING * * *
You blink.
The zombie hands constrict the curse toe!
You destroy the curse toe!
The Council accepts your kill.
The deathcap disappears in a puff of smoke!
A moth of wrath comes into view.
Found a ration.
Your muscles tense, ready for explosive movement...
Your blink will be uncontrolled - continue anyway?
The Orb prevents control of your translocation!
You blink.
The orb of fire glows red.
The fireball explodes!
The fireball engulfs you!!!
You die...

, , ,
.........# ,
.........# ,
.........#,,,
, .........+ *
, ..y......# ,
..%......#
.........# ,
.......@.# ,
.............#
,
....[q.......#
............#
, , ,
.........§.# *
* #.....z*.(#
, ,
#..dX.....#
,,+......§..#
,
*#.....§...#*
*


You could see an orb of fire, a tentacled monstrosity, a black draconian knight,
a red draconian, a death cob and a moth of wrath.

Vanquished Creatures
  An ancient lich (Crypt:3)
  3 juggernauts
  Bai Suzhen (Crypt:3)
  Saint Roka (Orc:2)
  2 curse toes
  15 golden dragons
  5 caustic shrikes (Depths:3)
  A golden dragon (shapeshifter) (Vaults:5)
  The ghost of MalarOregon the Acrobat, a veteran MfGl of Gozag (Vaults:4)
  the Enchantress (Depths:2)
  2 bone dragons
  2 electric golems (Zot:2)
  8 liches
  Rupert (Orc:2)
  10 tentacled monstrosities
  2 deep elf blademasters (Elf:3)
  A quicksilver dragon (Depths:4)
  A kraken (Shoals:4)
  7 titans
  A deep elf master archer (Elf:3)
  Polyphemus (Shoals:3)
  Gastronok (D:9)
  6 tentacled starspawn (Abyss:3)
  3 death cobs (Zot:2)
  Kirke (D:15)
  A thorn hunter (Depths:2)
  5 tengu reavers
  9 ancient champions
  4 sphinxes
  2 revenants
  9 shadow dragons
  7 storm dragons
  5 draconian monks
  3 nagarajas (Snake:4)
  2 daevas (Abyss:3)
  2 draconian knights
  12 fire giants
  14 frost giants
  5 deep elf sorcerers
  A balrug (Abyss:3)
  3 iron dragons (Depths:4)
  15 vault wardens
  Ilsuiw (Shoals:4)
  4 draconian scorchers
  A ghost moth (Zot:2)
  11 ironheart preservers
  Aizul (Crypt:1)
  2 draconian shifters (Zot:2)
  5 deep elf elementalists
  2 draconian annihilators
  A cacodemon (Abyss:3)
  An angel (Abyss:3)
  7 draconian stormcallers
  2 caustic shrike skeletons (Crypt:3)
  46 very ugly things
  2 entropy weavers
  7 spriggan defenders
  2 war gargoyles (Vaults:5)
  2 ophanim (Abyss:3)
  8 ghouls
  20 stone giants
  10 green draconians
  3 vampire knights
  Nessos (Lair:5)
  5 black draconians
  11 deep elf demonologists
  7 yellow draconians
  8 deep elf annihilators
  3 red draconians
  6 spark wasps (Depths:3)
  8 purple draconians
  3 white draconians
  10 deep elf death magi
  18 ettins
  2 merfolk javelineers (Shoals:4)
  A blizzard demon (Abyss:3)
  13 merfolk impalers
  8 jiangshi
  2 eidola
  3 deep elf high priests
  Josephine (Lair:5)
  A crystal guardian (Vaults:1)
  8 fire dragons
  17 yaktaur captains
  16 ogre magi
  A monstrous demonspawn (Depths:3)
  Harold (D:7)
  9 rakshasas
  6 hydras
  10 great orbs of eyes
  25 vault guards
  8 ice dragons
  17 naga warriors
  16 anacondas
  16 spriggan air magi
  A merfolk avatar (Shoals:4)
  12 centaur warriors
  2 catoblepae
  34 two-headed ogres
  5 death knights
  4 merfolk aquamancers (Shoals:4)
  10 dancing weapons
  2 alligator snapping turtles (Shoals:4)
  12 deep troll earth magi
  6 vampire magi
  2 satyrs (Shoals:4)
  5 tengu warriors
  8 death yaks
  3 thrashing horrors (Abyss:3)
  15 deep troll shamans
  9 naga sharpshooters
  Urug (D:13)
  15 spriggan berserkers
  4 shock serpents
  4 hell knights
  Sonja (Lair:5)
  5 orc high priests (Orc:2)
  3 soul eaters
  3 spriggans (Depths:3)
  14 deep elf knights
  4 wretched stars (Abyss:3)
  6 titan skeletons (Crypt:3)
  An iron troll (Depths:3)
  2 sun demons
  34 skeletal warriors
  4 storm dragon skeletons
  A sea snake (shapeshifter) (Vaults:4)
  5 spatial maelstroms (Abyss:3)
  An anaconda zombie (Crypt:1)
  A death drake (Abyss:3)
  2 salamander mystics
  The ghost of Yolobob the Protected, a novice GnWn (D:6)
  8 flayed ghosts
  4 glowing orange brains
  2 shadow demons
  11 sea snakes
  2 golden dragon zombies
  4 unseen horrors
  2 shadow wraiths
  A spriggan druid (Depths:2)
  A death drake (shapeshifter) (Depths:4)
  21 deep trolls
  7 wizards
  4 starcursed masses (Abyss:3)
  A gelid demonspawn (Depths:3)
  A glowing orange brain (shapeshifter) (Vaults:4)
  A golden dragon skeleton (Crypt:3)
  7 naga ritualists
  20 deep elf archers
  Pikel (D:9)
  2 lindwurms (Lair:6)
  7 phantasmal warriors
  12 harpies
  14 ironbrand convokers
  An anaconda skeleton (Crypt:3)
  11 large abominations (Abyss:3)
  22 orc knights
  7 necromancers
  14 mana vipers
  2 wolf spiders
  62 deep elf magi
  4 orc sorcerers
  A shadow dragon skeleton (Crypt:3)
  An iron dragon zombie (Crypt:1)
  An orb spider (shapeshifter) (Vaults:2)
  A wolf spider zombie (D:12)
  9 salamanders
  A salamander (shapeshifter) (Vaults:2)
  17 fauns
  2 worldbinders (Abyss:3)
  2 oklob plants (Lair:3)
  46 ugly things
  9 moths of wrath
  23 manticores
  5 cyclopes
  2 moths of wrath (shapeshifter)
  16 elephants
  13 slime creatures
  An apocalypse crab (Abyss:3)
  Psyche (D:12)
  11 merfolk sirens
  3 centaur zombies
  11 guardian serpents
  A black mamba (shapeshifter) (Vaults:2)
  3 water nymphs
  2 frost giant skeletons
  Joseph (D:7)
  33 black mambas
  7 vault sentinels
  18 naga magi
  3 smoke demons (Abyss:3)
  2 spiny frogs (shapeshifter)
  2 centaur skeletons (D:15)
  An elephant slug zombie (Crypt:2)
  An eye of devastation (shapeshifter) (Elf:3)
  7 spiny frogs
  4 eyes of devastation
  2 dire elephant skeletons (Crypt:1)
  A shock serpent skeleton (Crypt:3)
  A catoblepas zombie (Crypt:3)
  An orange demon (Abyss:3)
  An efreet (D:14)
  A yellow draconian zombie (Crypt:1)
  37 yaktaurs
  A yaktaur (shapeshifter) (Vaults:3)
  A rime drake (shapeshifter) (Vaults:3)
  11 freezing wraiths
  3 tengu conjurers
  3 komodo dragons
  A red draconian skeleton (Crypt:3)
  A red devil (Abyss:3)
  2 ancient zymes (Abyss:3)
  5 trolls
  4 polar bears
  A jumping spider (shapeshifter) (Depths:3)
  A sea snake skeleton (Crypt:1)
  A queen bee (D:10)
  37 merfolk
  2 jumping spiders
  A queen bee (shapeshifter) (Elf:1)
  A meliai (shapeshifter) (Vaults:1)
  A tarantella zombie (Crypt:1)
  3 bog bodies
  A wolf spider simulacrum (Crypt:3)
  6 hornets
  A fire dragon zombie (Crypt:1)
  A polar bear (shapeshifter) (Vaults:5)
  18 raiju (Abyss:3)
  A snapping turtle (shapeshifter) (Depths:4)
  17 blink frogs
  An ettin zombie (Crypt:3)
  A harpy skeleton (Crypt:2)
  A death drake skeleton (Crypt:1)
  11 snapping turtles
  6 wind drakes
  A dream sheep (shapeshifter) (Vaults:5)
  4 dream sheep
  2 fire dragon skeletons (Crypt:3)
  18 flying skulls
  15 hippogriffs
  An alligator skeleton (Crypt:3)
  Sigmund (D:2)
  3 redbacks (shapeshifter)
  3 redbacks
  4 ynoxinuls (Abyss:3)
  2 shadows (Crypt:3)
  A tarantella (Vaults:3)
  2 centaur simulacra
  A black mamba zombie (Crypt:2)
  A wyvern (shapeshifter) (Vaults:2)
  A vampire (D:14)
  15 water elementals
  A tarantella (shapeshifter) (D:13)
  24 yaks
  3 wyverns
  A fire bat (shapeshifter) (Vaults:5)
  A yak (shapeshifter) (Vaults:5)
  2 basilisks (shapeshifter)
  A hog (D:15)
  16 humans
  2 basilisks
  3 hungry ghosts
  13 wraiths
  2 neqoxecs (Abyss:3)
  A steam dragon (D:10)
  2 chaos spawn (Abyss:3)
  3 fire elementals
  4 spatial vortices (Abyss:3)
  4 wargs
  50 nagas
  A deep troll zombie (Crypt:3)
  Edmund (D:4)
  12 water moccasins
  A floating eye (Depths:3)
  8 small abominations (Abyss:3)
  9 porcupines
  An ettin simulacrum (Crypt:2)
  A sky beast (D:7)
  41 orc warriors
  A phantom (D:6)
  2 black bears (shapeshifter)
  An eye of draining (shapeshifter) (Vaults:1)
  4 ice beasts
  A spiny frog skeleton (Crypt:3)
  A black bear (D:7)
  A torpor snail zombie (Crypt:3)
  15 centaurs
  8 wolves (Lair:6)
  23 ogres
  18 boggarts
  8 crocodiles
  2 snapping turtle skeletons (Crypt:3)
  A blink frog skeleton (Crypt:2)
  A big kobold (D:8)
  9 bullfrogs
  Blork the orc (D:4)
  2 gnoll sergeants
  3 earth elementals
  A wyvern skeleton (D:14)
  2 troll zombies
  4 scorpions
  A water moccasin skeleton (D:5)
  16 killer bees
  A manticore simulacrum (Crypt:2)
  A spriggan skeleton (Crypt:3)
  33 wights
  3 electric eels
  3 howler monkeys
  A bullfrog zombie (D:12)
  7 crimson imps
  4 quasits (Abyss:3)
  5 hounds
  A yaktaur simulacrum (Vaults:1)
  A black bear zombie (Crypt:2)
  A gnoll shaman (D:5)
  29 orc priests
  A bullfrog skeleton (D:6)
  4 jellies
  A basilisk skeleton (Crypt:2)
  3 iguanas
  20 orc wizards
  9 worker ants
  A felid zombie (Crypt:1)
  A naga zombie (Crypt:3)
  A deep dwarf skeleton (Crypt:3)
  A hound zombie (D:5)
  A hound skeleton (D:6)
  A worker ant zombie (D:5)
  17 gnolls
  15 adders
  2 shadow imps (D:5)
  2 white imps (Abyss:3)
  3 ufetubi (Abyss:3)
  2 oozes
  2 adder skeletons
  An adder zombie (D:9)
  5 worms
  4 dart slugs
  8 leopard geckos
  96 orcs
  4 ball pythons
  6 bats
  5 giant cockroaches
  8 goblins
  8 hobgoblins
  6 jackals (D:3)
  7 kobolds
  6 quokkas
  A dart slug zombie (Crypt:2)
  8 frilled lizards
  A frilled lizard skeleton (Crypt:2)
  A giant cockroach zombie (D:5)
  A jackal skeleton (D:7)
  A jackal zombie (Crypt:3)
  A leopard gecko zombie (Crypt:2)
  A quokka zombie (D:7)
  4 rats
  A briar patch (Depths:2)
  A crawling corpse (Vaults:5)
  A lurking horror (Abyss:3)
  A plant (Lair:2)
2297 creatures vanquished.

Vanquished Creatures (collateral kills)
  A juggernaut (Depths:4)
  Frederick (Vaults:4)
  2 tentacled monstrosities
  A quicksilver dragon (Vaults:5)
  A lich (Crypt:3)
  An ancient champion (Crypt:3)
  4 shadow dragons
  2 nagarajas (Snake:4)
  A deep elf sorcerer (Vaults:5)
  A cacodemon (Abyss:3)
  An ironheart preserver (Vaults:5)
  2 very ugly things
  A green draconian (Zot:2)
  A deep elf demonologist (Elf:2)
  A black draconian (Zot:2)
  4 deep elf death magi
  3 eidola
  A yaktaur captain (Depths:4)
  A great orb of eyes (Depths:3)
  A merfolk avatar (Shoals:3)
  A catoblepas (Shoals:3)
  A two-headed ogre (Vaults:5)
  A hell knight (Depths:5)
  A wretched star (Abyss:3)
  A skeletal warrior (Crypt:3)
  An anaconda skeleton (Crypt:3)
  A deep elf mage (Elf:1)
  An ugly thing (Depths:5)
  A moth of wrath (Zot:2)
  A naga mage (Snake:4)
  An ancient zyme (Abyss:3)
  A water elemental (Depths:2)
  A small abomination (Abyss:3)
  A centaur (Depths:3)
  A crocodile (shapeshifter) (Vaults:5)
  2 wights (Crypt:3)
  A quasit (Abyss:3)
  An orc priest (Orc:2)
  An orc (Vaults:5)
51 creatures vanquished.

Vanquished Creatures (others)
  A quicksilver dragon (Zot:3)
  A ghost moth (shapeshifter) (Elf:1)
  A merfolk impaler (Shoals:4)
  An ogre mage (Vaults:4)
  A dancing weapon (Elf:2)
  A thrashing horror (Abyss:3)
  2 deep elf magi (Elf:2)
  A yaktaur (Vaults:2)
  3 humans (D:15)
  A wraith (D:15)
  A bullfrog (D:6)
  An orc wizard (Orc:1)
  A worker ant (D:6)
  A gnoll (D:6)
  A leopard gecko zombie (D:6)
  4 briar patches (Depths:2)
  A crawling corpse (Vaults:5)
  3 fungi
  A lurking horror (Abyss:3)
  19 plants
  14 starspawn tentacles (Abyss:3)
60 creatures vanquished.

Grand Total: 2408 creatures vanquished

Notes
Turn   | Place    | Note
-------+----------+-------------------------------------------
     0 | D:1      | melvinkitnick the Spriggan Assassin began the quest for the
                  | Orb.
     0 | D:1      | Reached XP level 1. HP: 10/10 MP: 2/2
    71 | D:1      | Reached XP level 2. HP: 14/14 MP: 3/3
   379 | D:1      | Reached XP level 3. HP: 18/18 MP: 4/4
  1233 | D:2      | Reached XP level 4. HP: 22/22 MP: 5/5
  2161 | D:2      | Noticed Sigmund
  2168 | D:2      | Killed Sigmund
  2168 | D:2      | Reached skill level 5 in Short Blades
  2168 | D:2      | Reached XP level 5. HP: 25/25 MP: 6/6
  2168 | D:2      | Reached XP level 6. HP: 30/30 MP: 7/7
  2241 | D:3      | Found a shimmering altar of Xom.
  2884 | D:3      | Learned a level 1 spell: Corona
  2887 | D:3      | Learned a level 2 spell: Ensorcelled Hibernation
  3355 | D:3      | Found a basalt altar of Yredelemnul.
  3584 | D:4      | Reached skill level 1 in Spellcasting
  3584 | D:4      | Reached skill level 1 in Hexes
  3599 | D:4      | Found a staircase to the Ecumenical Temple.
  3608 | Temple   | Entered the Ecumenical Temple
  3832 | Temple   | Became a worshipper of the Wu Jian Council
  3907 | D:4      | Learned a level 3 spell: Confuse
  3998 | D:4      | Noticed Edmund
  4003 | D:4      | Killed Edmund
  4033 | D:4      | Noticed Blork the orc
  4130 | D:4      | Killed Blork the orc
  4130 | D:4      | Reached XP level 7. HP: 34/34 MP: 4/12
  4194 | D:4      | Found a deep blue altar of Sif Muna.
  4315 | D:4      | Found a bloodstained altar of Trog.
  4664 | D:5      | Entered Level 5 of the Dungeon
  4739 | D:5      | Found a white marble altar of Elyvilon.
  5400 | D:5      | Reached skill level 5 in Hexes
  5663 | D:5      | Found a shadowy altar of Dithmenos.
  5730 | D:5      | Found an iron altar of Okawaru.
  5866 | D:5      | Found Qazil's General Store.
  5871 | D:5      | Reached XP level 8. HP: 39/39 MP: 15/15
  6390 | D:6      | Noticed a hippogriff
  6408 | D:6      | Killed a hippogriff
  6408 | D:6      | Reached * piety under Wu Jian
  6419 | D:6      | Found a runed translucent gate.
  6426 | D:6      | Learned a level 3 spell: Dazzling Spray
  6433 | D:6      | Identified the +10 flail "Ufoetop" {crush, Fragile rC++
                  | Str+4}
  6433 | D:6      | Identified the +3 chain mail of Zin's Reproof {rF+ Str-2
                  | Int+2 Dex+4}
  6443 | D:6      | Got a smoking zirconium amulet
  6444 | D:6      | Identified the amulet "Jazene" {Fragile +Rage rC+ Dex+10}
                  | (You found it on level 6 of the Dungeon)
  6872 | D:6      | Noticed a +0 dagger
  6873 | D:6      | Noticed a +0 dagger
  6876 | D:6      | Found a hide-covered altar of Uskayaw.
  6906 | D:6      | Noticed Yolobob's ghost (novice GnWn)
  6914 | D:6      | Found a runed translucent gate.
  6915 | D:6      | Found a runed translucent gate.
  7013 | D:6      | Found a blossoming altar of Fedhas.
  7026 | D:6      | Found a roughly hewn altar of Beogh.
  7159 | D:6      | Reached skill level 5 in Dodging
  7525 | D:7      | Reached XP level 9. HP: 44/44 MP: 12/16
  7666 | D:7      | Found a radiant altar of Vehumet.
  7675 | D:7      | Noticed Harold
  7688 | D:7      | Noticed Joseph
  8025 | D:7      | Reached ** piety under Wu Jian
  8294 | D:7      | Killed Joseph
  8294 | D:7      | Reached skill level 10 in Stealth
  8713 | D:8      | Got a steaming flail
  8727 | D:8      | Found Ohui's Magic Scroll Boutique.
  8735 | D:8      | Bought a scroll of fog for 28 gold pieces
  8744 | D:8      | Found Loir's Jewellery Shop.
  8800 | D:8      | Found a hazy altar of Hepliaklqana.
  8800 | D:8      | Found an opulent altar of Gozag.
  8933 | D:8      | Found Qanocuw's Food Shop.
  9025 | D:8      | Found Goeko's Assorted Antiques.
  9028 | D:8      | Bought a grey potion for 18 gold pieces
  9028 | D:8      | Bought a fine rapier for 189 gold pieces
  9028 | D:8      | Bought a scroll labeled KOSUFAS ATICS for 21 gold pieces
  9028 | D:8      | Bought a scroll labeled ARPHUNL YTUFAM for 21 gold pieces
  9177 | D:8      | Identified the +1 rapier of Dishonesty {antimagic, +Rage}
                  | (You bought it in a shop on level 8 of the Dungeon)
  9274 | D:8      | Bought a steaming lapis lazuli ring for 105 gold pieces
  9277 | D:8      | Identified the ring "Norergho" {Wiz rN+ Dex+6} (You bought
                  | it in a shop on level 8 of the Dungeon)
  9296 | D:9      | Noticed Gastronok
  9609 | D:9      | Found a glowing silver altar of Zin.
  9701 | D:9      | Noticed Pikel
  9758 | D:9      | Killed Pikel
  9810 | D:9      | Found a shattered altar of Ashenzari.
  9839 | D:9      | Reached XP level 10. HP: 49/49 MP: 0/17
  9981 | D:9      | Found a staircase to the Orcish Mines.
  9981 | D:9      | Found Naofisu's Weapon Shop.
 10626 | D:10     | Entered Level 10 of the Dungeon
 10719 | D:10     | Reached *** piety under Wu Jian
 11102 | Orc:1    | Entered Level 1 of the Orcish Mines
 11381 | D:10     | Reached skill level 5 in Spellcasting
 12018 | D:11     | Found a staircase to the Lair.
 12034 | D:11     | Noticed an unseen horror
 12040 | D:11     | Killed an unseen horror
 12115 | D:11     | Noticed a manticore
 12117 | D:11     | Killed a manticore
 12117 | D:11     | Reached skill level 10 in Dodging
 12166 | D:11     | Got a brightly glowing hand axe
 12242 | D:11     | Reached **** piety under Wu Jian
 12604 | D:12     | Reached XP level 11. HP: 53/53 MP: 19/21
 12713 | D:12     | Noticed Psyche
 12719 | D:12     | Killed Psyche
 12826 | D:12     | Noticed a two-headed ogre
 12828 | D:12     | Killed a two-headed ogre
 12866 | D:12     | Reached skill level 10 in Hexes
 12893 | D:12     | Reached skill level 5 in Fighting
 13172 | D:12     | Noticed a purple ugly thing
 13179 | D:12     | Killed a purple ugly thing
 13201 | D:12     | Found Iruiklai's Assorted Antiques.
 13202 | D:12     | Found Safiozxa's Assorted Antiques.
 13202 | D:12     | Found Dawnukk's Antique Weapon Shoppe.
 13208 | D:12     | Found Uqawy's Gadget Shoppe.
 13527 | D:13     | Noticed a deep elf mage
 13528 | D:13     | Killed a deep elf mage
 13544 | D:13     | Noticed a two-headed ogre
 13545 | D:13     | Noticed a deep elf mage
 13555 | D:13     | Killed a two-headed ogre
 13555 | D:13     | Reached skill level 10 in Short Blades
 13558 | D:13     | Killed a deep elf mage
 13583 | D:13     | Noticed Urug
 13586 | D:13     | Killed Urug
 13632 | D:13     | Found a flickering gateway to a bazaar.
 13654 | Bazaar   | Entered a bazaar
 13654 | Bazaar   | Found Guwiaf's Assorted Antiques.
 13654 | Bazaar   | Found Unej's Distillery.
 13654 | Bazaar   | Found Maquam's Assorted Antiques.
 13654 | Bazaar   | Found Odeaniu's Gadget Shoppe.
 13656 | Bazaar   | Found Kuathrief's Jewellery Shop.
 13656 | Bazaar   | Found Ihauv's Antique Armour Emporium.
 13692 | Bazaar   | Bought a bloodstained robe for 148 gold pieces
 13703 | Bazaar   | Identified the +1 robe of Spring Thaw {*Contam MR+ Regen+
                  | Dex+7} (You bought it in a shop in a bazaar)
 13724 | Bazaar   | Bought a potion of cancellation for 88 gold pieces
 13730 | Bazaar   | Bought a shiny buckler for 157 gold pieces
 13863 | D:13     | Reached ***** piety under Wu Jian
 13912 | D:13     | Found Feusmeef's Armour Shop.
 13976 | D:13     | Noticed a seven-headed hydra
 14169 | D:13     | Killed a seven-headed hydra
 14169 | D:13     | Reached XP level 12. HP: 61/61 MP: 5/22
 14299 | D:13     | Reached skill level 15 in Stealth
 14419 | D:14     | Found a gate to the Vaults.
 14419 | D:14     | Noticed a centaur warrior
 14419 | D:14     | Noticed a two-headed ogre
 14419 | D:14     | Noticed a centaur warrior
 14490 | Lair:1   | Entered Level 1 of the Lair of Beasts
 15485 | Lair:2   | Found a staircase to the Snake Pit.
 15493 | Lair:2   | Reached skill level 15 in Dodging
 15516 | Lair:2   | Got a faintly glowing falchion
 15585 | Lair:2   | Found a runed translucent gate.
 15586 | Lair:2   | Found a runed translucent gate.
 15587 | Lair:2   | Found a runed translucent gate.
 15587 | Lair:2   | Noticed a 13-headed hydra
 15589 | Lair:2   | Noticed an 11-headed hydra
 15589 | Lair:2   | Noticed lextramoth's ghost (novice CeHu)
 16180 | Lair:2   | Reached skill level 1 in Evocations
 16258 | Lair:3   | Reached skill level 1 in Shields
 16960 | Lair:3   | Found a staircase to the Shoals.
 17366 | Lair:4   | Noticed a four-headed hydra
 17374 | Lair:4   | Killed a four-headed hydra
 17374 | Lair:4   | Reached XP level 13. HP: 66/66 MP: 20/24
 17385 | Lair:4   | Learned a level 2 spell: Blink
 17845 | Lair:4   | Found a runed translucent gate.
 17845 | Lair:4   | Found a runed translucent gate.
 17845 | Lair:4   | Found a runed translucent gate.
 17846 | Lair:4   | Noticed Uhlv's ghost (adept FoAr)
 18126 | Lair:5   | Noticed Nessos
 18132 | Lair:5   | Killed Nessos
 18202 | Lair:5   | Reached skill level 5 in Evocations
 18271 | Lair:5   | Learned a level 1 spell: Apportation
 18309 | Lair:5   | Found a staircase to the Slime Pits.
 18314 | Lair:5   | Noticed Josephine
 18320 | Lair:5   | Reached ****** piety under Wu Jian
 18323 | Lair:5   | Killed Josephine
 18614 | Lair:5   | Reached skill level 1 in Translocations
 18809 | Lair:5   | Noticed Sonja
 18820 | Lair:5   | Killed Sonja
 18970 | Lair:6   | Entered Level 6 of the Lair of Beasts
 19470 | Lair:6   | Reached XP level 14. HP: 46/72 MP: 20/27
 20985 | D:14     | Reached skill level 5 in Shields
 21723 | D:14     | Found the +3 giant club "Skullcrusher" {speed, Str+7}
 22005 | D:15     | Entered Level 15 of the Dungeon
 22122 | D:15     | Found a gate leading to a gauntlet.
 22223 | D:15     | Noticed Kirke
 22278 | D:15     | Killed Kirke
 22442 | D:15     | Learned a level 1 spell: Summon Butterflies
 22448 | D:15     | Learned a level 5 spell: Summon Mana Viper
 22688 | D:15     | Found a staircase to the Depths.
 22693 | D:15     | Reached XP level 15. HP: 79/79 MP: 29/29
 22788 | D:15     | Reached skill level 1 in Summonings
 23823 | Orc:1    | Reached skill level 10 in Spellcasting
 24105 | Orc:2    | Entered Level 2 of the Orcish Mines
 24528 | Orc:2    | Noticed Saint Roka
 25077 | Orc:2    | Killed Saint Roka
 25126 | Orc:2    | Found a roughly hewn altar of Beogh.
 25253 | Orc:2    | Found a staircase to the Elven Halls.
 25287 | Orc:2    | Noticed Rupert
 25294 | Orc:2    | Killed Rupert
 26557 | Orc:2    | Found Qotoefuys's Antique Weapon Boutique.
 26560 | Orc:2    | Found Nehoupso's Distillery.
 26561 | Orc:2    | Found Heryurir's Book Boutique.
 26562 | Orc:2    | Found Kumer's Armour Boutique.
 26804 | Orc:2    | Bought a book of Party Tricks for 650 gold pieces
 26983 | D:12     | Bought a scroll of blinking for 195 gold pieces
 27068 | D:9      | Killed Gastronok
 27116 | D:8      | Bought a scroll of brand weapon for 280 gold pieces
 27116 | D:8      | Bought a scroll of enchant armour for 105 gold pieces
 27116 | D:8      | Bought a scroll of magic mapping for 49 gold pieces
 27142 | D:8      | Bought a scroll of enchant armour for 157 gold pieces
 27151 | D:8      | Learned a level 6 spell: Invisibility
 27322 | D:14     | Learned a level 3 spell: Mephitic Cloud
 27548 | D:7      | Killed Harold
 27548 | D:7      | Reached skill level 10 in Fighting
 27672 | D:6      | Killed Yolobob's ghost
 28010 | D:15     | Reached skill level 1 in Poison Magic
 28023 | D:15     | Reached skill level 1 in Air Magic
 28376 | Snake:1  | Entered Level 1 of the Snake Pit
 28681 | Snake:1  | Found Tplubuxamo's Tempting Trifles.
 28763 | Snake:1  | Reached XP level 16. HP: 85/85 MP: 29/31
 29026 | Snake:2  | Reached skill level 5 in Summonings
 30690 | Snake:1  | Reached skill level 1 in Conjurations
 31162 | Snake:2  | Found Qisaopp's Antique Armour Shoppe.
 32215 | Snake:4  | Entered Level 4 of the Snake Pit
 32489 | Snake:4  | Identified a scroll of acquirement
 33132 | Snake:4  | Reached XP level 17. HP: 89/89 MP: 32/32
 35301 | Snake:4  | Got a serpentine rune of Zot
 35312 | Snake:4  | HP: 3/90 [nagaraja/poison arrow (23)]
 35833 | Shoals:1 | Entered Level 1 of the Shoals
 36147 | Shoals:1 | Identified the Grimoire of Warped Curses
 36187 | Shoals:1 | Reached skill level 15 in Hexes
 37104 | Shoals:2 | Reached skill level 5 in Translocations
 37709 | Shoals:3 | Noticed Polyphemus
 37717 | Shoals:3 | Killed Polyphemus
 37982 | Shoals:3 | Reached XP level 18. HP: 96/96 MP: 22/33
 38249 | Shoals:4 | Entered Level 4 of the Shoals
 38837 | Shoals:4 | Noticed Ilsuiw
 39376 | Shoals:4 | Killed Ilsuiw
 39691 | Shoals:4 | Got a faintly glowing whip
 39934 | Shoals:4 | Got a barnacled rune of Zot
 40657 | Vaults:1 | Entered Level 1 of the Vaults
 41689 | Vaults:1 | Found Gerooxta's Distillery.
 42268 | Vaults:1 | Found Inukhleist's Gadget Shoppe.
 42590 | Vaults:2 | Noticed a lich
 42593 | Vaults:2 | Killed a lich
 42593 | Vaults:2 | Reached XP level 19. HP: 102/102 MP: 33/35
 43263 | Vaults:2 | Found a staircase to the Crypt.
 43871 | Vaults:3 | Noticed a lich
 43919 | Vaults:3 | Killed a lich
 43980 | Vaults:3 | Found Gunaw's Book Boutique.
 44104 | Vaults:3 | You fall through a shaft!
 45855 | Vaults:4 | Noticed Frederick
 45882 | Vaults:4 | Killed Frederick
 45882 | Vaults:4 | Reached XP level 20. HP: 90/107 MP: 11/37
 46363 | Vaults:4 | Reached skill level 27 in Stealth
 47274 | Vaults:4 | Found a runed translucent door.
 47274 | Vaults:4 | Noticed MalarOregon's ghost (veteran MfGl)
 47280 | Vaults:4 | Killed MalarOregon's ghost
 47333 | Vaults:5 | Entered Level 5 of the Vaults
 47567 | Crypt:1  | Entered Level 1 of the Crypt
 47594 | Crypt:1  | Noticed Aizul
 47597 | Crypt:1  | Killed Aizul
 49962 | Crypt:3  | Entered Level 3 of the Crypt
 50072 | Crypt:3  | Found a staircase to the Tomb.
 50274 | Crypt:3  | Reached XP level 21. HP: 71/116 MP: 16/38
 50992 | Crypt:3  | Reached skill level 15 in Fighting
 50996 | Crypt:3  | Found the +8 demon blade "Leech" {vamp, rN+ AC-3 EV-3}
 51046 | Crypt:3  | Reached skill level 1 in Armour
 51988 | Crypt:3  | Noticed Bai Suzhen
 51993 | Crypt:3  | Killed Bai Suzhen
 52536 | Crypt:3  | Noticed an ancient lich
 52556 | Crypt:3  | Killed an ancient lich
 52734 | Crypt:3  | Identified the ring of the Pure Continents {EV+6 Int+10}
                  | (You found it on level 3 of the Crypt)
 52751 | Crypt:3  | Identified the Handbook of Fire and Earth
 52756 | Crypt:3  | Learned a level 2 spell: Passwall
 52762 | Crypt:3  | Learned a level 5 spell: Borgnjor's Vile Clutch
 53181 | Elf:1    | Entered Level 1 of the Elven Halls
 53406 | Elf:1    | Reached skill level 1 in Necromancy
 53406 | Elf:1    | Reached skill level 1 in Earth Magic
 54609 | Elf:2    | Found Zoyxia's Magic Scroll Shoppe.
 54609 | Elf:2    | Found Kugo Sea's Assorted Antiques.
 54678 | Elf:2    | Bought 2 scrolls of magic mapping for 119 gold pieces
 54678 | Elf:2    | Bought a scroll of blinking for 127 gold pieces
 54678 | Elf:2    | Bought a scroll of fog for 34 gold pieces
 54791 | Elf:2    | Reached skill level 5 in Necromancy
 54791 | Elf:2    | Reached skill level 5 in Earth Magic
 54793 | Elf:2    | Reached XP level 22. HP: 123/123 MP: 39/39
 54820 | Elf:2    | Found Xefot's Antique Weapon Shoppe.
 54908 | Elf:2    | Found a runed translucent gate.
 54908 | Elf:2    | Found a runed translucent gate.
 54909 | Elf:2    | Found a runed translucent gate.
 55183 | Elf:3    | Entered Level 3 of the Elven Halls
 55337 | Elf:3    | Identified the ring of Zydyept {+Fly rC+} (You acquired it
                  | on level 3 of the Elven Halls)
 55893 | Elf:3    | Gained mutation: Armour fits poorly on your strangely
                  | shaped body. [a cacodemon]
 56528 | Elf:3    | Identified the cursed +0 chain mail "Okkin" {+Fly MR- Str+2
                  | Int+3}
 56812 | Elf:3    | Identified the +11 trident "Plog" {pain, *Rage *Slow rN+++
                  | Dex+9}
 57003 | Elf:3    | Identified the Disquisition on Ashen Aid
 57022 | Elf:3    | Identified the amulet of Fybbepp {RegenMP rC+ MR+ Str+2}
                  | (You found it on level 3 of the Elven Halls)
 57040 | Elf:3    | Identified the amulet of Ipifour {RegenMP rElec Int-5 SInv
                  | Stlth+} (You found it on level 3 of the Elven Halls)
 57307 | D:8      | Bought the ring "Vistenna" {+Inv rElec Str-2 Slay+3 SInv}
                  | for 792 gold pieces
 57471 | Orc:2    | Bought a manual of Dodging for 1435 gold pieces
 57584 | Elf:2    | Bought a scroll of fog for 34 gold pieces
 57584 | Elf:2    | Bought a scroll of acquirement for 884 gold pieces
 57888 | Depths:1 | Entered Level 1 of the Depths
 58730 | Depths:1 | Identified the +4 dire flail of Responsibility {crush, rC+}
 58760 | Depths:1 | Found a gateway to Hell.
 59641 | Depths:2 | Reached XP level 23. HP: 128/128 MP: 27/41
 59662 | Depths:2 | Identified the +5 faerie dragon scales {*Drain rCorr Int+9
                  | Dex+4}
 59662 | Depths:2 | Noticed the Enchantress
 59663 | Depths:2 | Found a radiant altar of Vehumet.
 59671 | Depths:2 | Killed the Enchantress
 59684 | Depths:2 | Identified the Catalogue of the Creative Glacier
 60644 | Depths:3 | Found a gateway to a ziggurat.
 60655 | Depths:3 | Paralysed by a floating eye for 4 turns
 61365 | Depths:3 | Identified the +9 dagger of the Four Shrikes {venom, rF+
                  | Int+3}
 61678 | Depths:3 | Found a one-way gate to the infinite horrors of the Abyss.
 61784 | Depths:3 | Noticed a juggernaut
 61789 | Depths:3 | Killed a juggernaut
 61844 | Depths:3 | p0werm0de: https://www.youtube.com/watch?v=-bPk_7KcJxk
 61850 | Depths:3 | Identified the +0 robe of the Demon Prince {-Tele *Drain
                  | Int+8 Dex+7}
 61875 | Depths:3 | Reached skill level 15 in Spellcasting
 61875 | Depths:3 | HP: 3/130 [deep troll shaman (18)]
 62760 | Depths:3 | Noticed a caustic shrike
 62845 | Depths:3 | Learned a level 5 spell: Summon Demon
 63283 | Depths:3 | Found a one-way gate leading to the halls of Pandemonium.
 63602 | Depths:3 | Noticed a caustic shrike
 63611 | Depths:3 | Noticed a caustic shrike
 63631 | Depths:3 | Killed a caustic shrike
 63641 | Depths:3 | Noticed a caustic shrike
 63650 | Depths:3 | Killed a caustic shrike
 63658 | Depths:3 | Killed a caustic shrike
 63662 | Depths:3 | Killed a caustic shrike
 64008 | Depths:3 | Noticed a caustic shrike
 64012 | Depths:3 | Reached XP level 24. HP: 95/136 MP: 22/43
 64942 | Depths:4 | Found a shadowy altar of Dithmenos.
 64943 | Depths:4 | Found a hide-covered altar of Uskayaw.
 64943 | Depths:4 | Found a glowing silver altar of Zin.
 66335 | Depths:4 | Noticed a juggernaut
 66354 | Depths:4 | Reached skill level 10 in Necromancy
 66430 | Depths:4 | Killed a juggernaut
 66616 | Depths:4 | Found the +8 longbow "Zephyr" {speed, Dex+3 SInv}
 67071 | Depths:4 | Reached skill level 10 in Summonings
 67356 | Depths:4 | Learned a level 6 spell: Darkness
 67478 | Depths:4 | Noticed a juggernaut
 67506 | Depths:4 | Killed a juggernaut
 67506 | Depths:4 | Reached skill level 27 in Dodging
 67592 | Depths:5 | Entered Level 5 of the Depths
 67631 | Depths:5 | Noticed a juggernaut
 67665 | Depths:5 | Killed a juggernaut
 67678 | Depths:5 | Reached XP level 25. HP: 141/142 MP: 16/43
 68634 | Depths:5 | Found a gate to the Realm of Zot.
 69572 | Vaults:5 | Identified the ring "Teetsatu" {rC+ MR+ Str+2 Int+4 Dex-3}
 69862 | Vaults:5 | Identified the +5 executioner's axe "Riemuot" {protect,
                  | Str+5}
 69862 | Vaults:5 | Identified the ring of Arrival {rC+ rN+ MR+}
 69879 | Vaults:5 | Reached skill level 5 in Armour
 70445 | Vaults:5 | Identified Eria's Reference Book on Execration
 70483 | Vaults:5 | Identified the Reference Book on the Blistering Oath
 70914 | Vaults:5 | Got a silver rune of Zot
 71148 | Vaults:5 | Reached XP level 26. HP: 141/150 MP: 23/43
 71250 | Vaults:5 | Found the +2 shield of Resistance {rF+ rC+ MR+}
 71962 | Snake:1  | Bought a manual of Translocations for 1656 gold pieces
 71971 | Snake:1  | Learned a level 8 spell: Controlled Blink
 72225 | Depths:3 | Voluntarily entered the Abyss.
 72301 | Abyss:3  | Found a corrupted altar of Lugonu.
 72452 | Abyss:3  | Paralysed by accursed screaming for 1 turns
 72769 | Abyss:3  | Gained mutation: You occasionally shout uncontrollably at
                  | your foes. [a neqoxec]
 73569 | Abyss:3  | Found a corrupted altar of Lugonu.
 73754 | Abyss:3  | Found a corrupted altar of Lugonu.
 73799 | Abyss:3  | Found a corrupted altar of Lugonu.
 74019 | Abyss:3  | Reached skill level 10 in Translocations
 74419 | Abyss:3  | Found a hide-covered altar of Uskayaw.
 75523 | Abyss:3  | Found a glowing golden altar of the Shining One.
 75555 | Abyss:3  | Noticed a juggernaut
 75557 | Abyss:3  | Got an abyssal rune of Zot
 75959 | Depths:3 | Escaped the Abyss
 76108 | Zot:1    | Entered Level 1 of the Realm of Zot
 76401 | Zot:1    | Reached skill level 15 in Translocations
 77334 | Zot:2    | Lost mutation: You occasionally shout uncontrollably at
                  | your foes. [potion of mutation]
 77334 | Zot:2    | Lost mutation: Armour fits poorly on your strangely shaped
                  | body. [potion of mutation]
 77334 | Zot:2    | Gained mutation: Your magical capacity is low. (-10% MP)
                  | [potion of mutation]
 77334 | Zot:2    | Gained mutation: Potions are less effective at restoring
                  | your health. [potion of mutation]
 77334 | Zot:2    | Gained mutation: You are partially covered in thin metallic
                  | scales. (AC +2) [potion of mutation]
 77335 | Zot:2    | Lost mutation: Your magical capacity is low. (-10% MP)
                  | [potion of mutation]
 77335 | Zot:2    | Gained mutation: You are partially covered in iridescent
                  | scales. (AC +2) [potion of mutation]
 77335 | Zot:2    | Gained mutation: You passively map a small area around you.
                  | [potion of mutation]
 77890 | Zot:2    | Reached XP level 27. HP: 98/156 MP: 18/43
 78224 | Zot:2    | Found the +0 Maxwell's etheric cage {RegenMP+ *Contam rElec
                  | MP+4}
 78756 | Zot:3    | Noticed an orb of fire
 78761 | Zot:3    | Gained mutation: You are clumsy. (Dex -2) [an orb of fire]
 78773 | Zot:3    | Killed from afar by an orb of fire

Skill      XL: |  1  2  3  4  5  6  7  8  9 10 11 12 13 14 15 16 17 18 19 20 21 22 23 24 25 26 27 |
---------------+----------------------------------------------------------------------------------+-----
Stealth        | 6 7 9 12 13 14 15 16 18 19 21 22 25 26 27 | 27.0
Short Blades   | 3 5 8 9 10 11 | 11.0
Dodging        | 2 8 10 12 15 18 20 21 22 26 27 | 27.0
Spellcasting   | 3 4 6 7 8 9 10 11 12 13 15 | 15.0
Hexes          | 3 6 8 9 10 11 12 14 15 | 15.0
Fighting       | 3 4 6 7 9 10 11 12 14 15 16 17 18 19 20 | 20.2
Evocations     | 3 7 8 |  8.0
Shields        | 2 4 6 7 |  7.2
Translocations | 4 6 8 20 | 20.0
Summonings     | 4 7 8 10 12 | 12.0
Poison Magic   | 2 3 4 |  4.0
Air Magic      | 2 3 4 |  4.0
Conjurations   | 2 3 |  3.0
Armour         | 4 7 8 |  8.0
Necromancy     | 5 8 10 12 13 | 13.1
Earth Magic    | 5 8 9 |  9.0
Throwing       | |  2.0

Action                   |  1- 3 |  4- 6 |  7- 9 | 10-12 | 13-15 | 16-18 | 19-21 | 22-24 | 25-27 || total
-------------------------+-------+-------+-------+-------+-------+-------+-------+-------+-------++-------
Melee: Dagger            |    64 |   184 |   265 |   385 |   909 |   868 |       |    24 |     3 ||  2702
       Rapier            |       |       |       |       |    28 |       |   912 |       |       ||   940
       Quick blade       |       |       |       |       |       |    67 |  1005 |  1830 |  1959 ||  4861
 Fire: Blowgun           |    10 |     9 |       |       |       |       |       |       |       ||    19
Throw: Throwing net      |       |       |       |       |       |       |       |     3 |       ||     3
 Cast: Confuse           |       |     3 |    39 |    36 |   102 |   165 |   130 |   114 |   103 ||   692
       Ensorcelled Hiber |       |       |    53 |   128 |   219 |   310 |    58 |    90 |   108 ||   966
       Dazzling Spray    |       |       |     5 |    12 |    74 |   115 |    93 |    53 |    30 ||   382
       Apportation       |       |       |       |       |    11 |    10 |     7 |     5 |    17 ||    50
       Summon Mana Viper |       |       |       |       |     4 |    21 |    37 |    42 |    45 ||   149
       Blink             |       |       |       |       |     1 |    17 |     4 |     4 |     4 ||    30
       Invisibility      |       |       |       |       |     1 |     1 |    12 |     4 |     8 ||    26
       Mephitic Cloud    |       |       |       |       |       |     4 |    22 |    66 |    14 ||   106
       Summon Butterflie |       |       |       |       |       |     1 |       |       |       ||     1
       Passwall          |       |       |       |       |       |       |       |     3 |       ||     3
       Summon Demon      |       |       |       |       |       |       |       |    23 |    18 ||    41
       Borgnjor's Vile C |       |       |       |       |       |       |       |    18 |    70 ||    88
       Darkness          |       |       |       |       |       |       |       |       |     9 ||     9
       Controlled Blink  |       |       |       |       |       |       |       |       |     1 ||     1
Invok: Lunge             |       |     1 |    36 |    82 |   131 |   140 |   156 |   154 |   139 ||   839
       Whirlwind         |       |       |    14 |    45 |    89 |   111 |   152 |   161 |   174 ||   746
       Serpent's Lash    |       |       |       |       |       |       |       |       |     1 ||     1
 Abil: Wall Jump         |       |       |       |     1 |     1 |       |       |       |       ||     2
Evoke: Wand              |       |       |       |     4 |     8 |    13 |     2 |     8 |     8 ||    43
       Phial of floods   |       |       |       |       |     1 |       |       |       |       ||     1
  Use: Scroll            |     5 |     3 |    14 |    12 |    10 |    17 |    16 |    19 |    11 ||   107
       Potion            |       |       |       |     1 |       |     2 |       |     1 |     7 ||    11
 Stab: Sleeping          |    14 |    23 |    46 |   130 |   135 |   191 |   132 |   102 |    74 ||   847
       Confused          |       |       |    13 |    18 |    57 |    82 |   104 |   164 |    68 ||   506
       Distracted        |       |       |     4 |     3 |    24 |    19 |    40 |    45 |    38 ||   173
       Invisible         |       |       |       |     9 |    74 |   106 |   103 |    62 |    92 ||   446
       Petrifying        |       |       |       |       |     5 |     2 |       |       |       ||     7
       Petrified         |       |       |       |       |     1 |     5 |       |       |       ||     6
       Paralysed         |       |       |       |       |     4 |     4 |       |       |       ||     8
       Held in net/web   |       |       |       |       |       |       |       |     2 |       ||     2
  Eat: Ration            |       |     1 |     6 |     8 |     8 |    11 |    13 |     9 |     8 ||    64
Armor: Robe              |     7 |    15 |    30 |     2 |    19 |    25 |    36 |    13 |       ||   147
       Steam dragon scal |       |       |       |     9 |       |       |       |       |       ||     9
       Acid dragon scale |       |       |       |       |       |       |       |    49 |    97 ||   146
Dodge: Dodged            |    40 |    95 |   119 |   219 |   613 |   922 |   959 |   809 |  1053 ||  4829
Block: Buckler           |       |       |       |    32 |   394 |   625 |   808 |   487 |   530 ||  2876
